 Dungeon Crawl Stone Soup version 0.20-a0-435-ga4f17a0 (webtiles) character file.

5140 Implojin the Basher (level 10, -9/83 HPs)
             Began as a Mummy Chaos Knight on Jan 18, 2017.
             Mangled by Pikel
             ... wielding a +2 whip of electrocution
              (14 damage)
             ... on level 8 of the Dungeon.
             The game lasted 00:24:01 (10967 turns).

Implojin the Basher (Mummy Chaos Knight)           Turns: 10967, Time: 00:24:01

Health: -9/83      AC:  9    Str: 16    XL:     10   Next: 33%
Magic:  10/10      EV: 11    Int: 11    God:    Xom [....*.]
Gold:   416        SH:  0    Dex: 15    Spells: 9/9 levels left

rFire  x . .     SeeInvis .     a - +1 morningstar
rCold  + + .     Gourm    .     f - +3 leather armour
rNeg   + + +     Faith    .     (no shield)
rPois  ∞         Spirit   .     (no helmet)
rElec  .         Reflect  .     m - +2 cloak
rCorr  .         Harm     .     (no gloves)
MR     +....                    (no boots)
Stlth  +.........               (no amulet)
                                d - ring of protection from cold
                                j - ring of poison resistance

@: no status effects
A: no food or potions, fire vulnerability, cold resistance 1, negative energy
resistance 3, torment resistance, unbreathing
a: Renounce Religion


You were on level 8 of the Dungeon.
You worshipped Xom.
You were a beloved toy of Xom.
You were not hungry.

You visited 1 branch of the dungeon, and saw 8 of its levels.

You collected 416 gold pieces.

Inventory:

Hand Weapons
 a - a +1 morningstar (weapon)
 b - a +3 hunting sling
 c - a +0 blowgun
 e - a +2 mace of crushing
 g - a +3 scimitar of flaming
 i - a +0 quarterstaff
 o - a +0 whip
 p - a +2 dagger of venom
 q - a +0 flail of draining
 x - the +4 spear of Imojyqut {pierce, rPois MR- Stlth+, unknown}
   (You found it on level 6 of the Dungeon)

   It inflicts extra damage upon your enemies.
   It protects you from poison.
   It affects your resistance to hostile enchantments.
   It makes you more stealthy.
Missiles
 h - 18 poisoned needles
 l - 7 tomahawks (quivered)
Armour
 f - a +3 leather armour (worn)
 m - a +2 cloak (worn)
 y - a +0 ring mail
 z - the +0 plate armour "Apece" {*Corrode rElec rC++ Stlth+}
   (You found it on level 6 of the Dungeon)

   It greatly protects you from cold.
   It insulates you from electricity.
   It may corrode you when you take damage.
   It makes you more stealthy.
 B - a +0 ring mail of positive energy
Jewellery
 d - a ring of protection from cold (right hand)
 j - a ring of poison resistance (left hand)
 n - an uncursed ring of ice
 C - an uncursed ring of poison resistance
Wands
 r - a wand of digging (0/24)
 u - a wand of flame (21/48)
 w - a wand of random effects (23/48)
 D - a wand of iceblast (0/15)
Scrolls
 k - 2 scrolls of teleportation
 v - 2 scrolls of fog
Miscellaneous
 s - a fan of gales (inert)


   Skills:
 - Level 9.2 Fighting
 * Level 10.9 Maces & Flails
 - Level 1.5 Armour
 - Level 0.7 Dodging


You had 9 spell levels left.
You didn't know any spells.

Dungeon Overview and Level Annotations

Branches:
Dungeon (8/15)             Temple (0/1) D:6
   Lair: D:8-11

Altars:
Cheibriados
Dithmenos
Kikubaaqudgha
Makhleb
Nemelex Xobeh
Okawaru
Xom
Yredelemnul
The Shining One

Annotations:
D:5 Edmund
D:7 exclusion: 2 downstairs
D:8 HAWKINGL3623's ghost, novice HOFi; Joseph; Pikel


Innate Abilities, Weirdness & Mutations

You do not eat or drink.
Your flesh is vulnerable to fire.
You are immune to poison.
Your flesh is cold resistant. (rC+)
You are immune to negative energy. (rN+++)
You are immune to unholy pain and torment.
You can survive without breathing.


Message History

You puncture Pikel!
Pikel is lightly wounded.
Pikel hits you with a whip of electrocution!
You thump Pikel!
Pikel is heavily wounded.
Pikel hits you with a whip of electrocution.
You are electrocuted!
Unknown command.
You hit Pikel.
Pikel is heavily wounded.
Pikel hits you with a whip of electrocution.
You are electrocuted!
* * * LOW HITPOINT WARNING * * *
You puncture Pikel!
Pikel is severely wounded.
Pikel hits you but does no damage.
You are electrocuted!
* * * LOW HITPOINT WARNING * * *
Unknown command.
You hit Pikel.
Pikel is almost dead.
Pikel hits you with a whip of electrocution.
* * * LOW HITPOINT WARNING * * *
Unknown command.
You hit Pikel but do no damage.
Pikel is almost dead.
Pikel hits you with a whip of electrocution!
* * * LOW HITPOINT WARNING * * *
Unknown command.
You completely miss Pikel.
Pikel is almost dead.
Pikel hits you but does no damage.
You are electrocuted!
* * * LOW HITPOINT WARNING * * *
You barely miss Pikel.
Pikel is almost dead.
Pikel hits you but does no damage.
You are electrocuted!
You die...
Xom chuckles heartily!

*,,,,* *,,,,,,,,,*,P*≈≈≈P *,,,,*
*,,...c...#,P*≈≈≈≈ *,,,,*
*,,,......*,≈≈≈≈≈P *,,,,*
*,,,.p..K,*,**≈P≈≈ *,,,,*
*,,,..p.,,*≈≈≈P≈≈≈ *,,∆,*
****#..#*****≈≈P≈≈ *c,,,* #..#
*≈*≈;≈≈≈
*,,,,########..####≈♣≈s≈≈≈
*,,,,#...@Kpcp.....♣*≈≈≈≈≈
***+*#.######..####♣*≈≈≈≈≈
*****+*#,* #.........♣*≈≈≈≈≈
******∆,,,,,*,###.###.####≈♣≈≈≈≈≈
,,,,,*,,,,,,*,#.....#.## **≈≈≈≈≈≈
,,,,,*,,,,,,*,#........# *≈*≈≈≈≈
,,,,,*,,,,,,*,###..##..# **≈*≈≈≈≈
,,∆,,+,,,,,,*,* #..##..# *,≈*≈P*≈
,,,,,*∆,,,,,*,* #..###.##*,*P≈≈≈≈


You could see Pikel, 2 slaves and a centaur.

Vanquished Creatures
  A two-headed ogre (D:7)
  Erica (D:8)
  Grinder (D:6)
  Prince Ribbit (D:5)
  Eustachio (D:5)
  2 hogs (D:7)
  2 yaks (D:7)
  A human (D:7)
  2 sky beasts
  An orc warrior (D:6)
  An ice beast (D:5)
  2 slaves (D:8)
  6 ogres
  3 black bears
  3 centaurs
  Blork the orc (D:5)
  3 bullfrogs
  A scorpion (D:5)
  A water moccasin skeleton (D:8)
  2 howler monkeys (D:5)
  A bullfrog zombie (D:7)
  3 hounds
  2 orc wizards (D:6)
  An orc priest (D:6)
  Crazy Yiuf (D:4)
  A centaur skeleton (D:5)
  5 worker ants
  Ijyb (D:2)
  A hound skeleton (D:5)
  6 gnolls
  6 adders
  A shadow imp (D:5)
  2 oozes
  3 adder skeletons
  An adder zombie (D:5)
  3 worms (D:3)
  A dart slug (D:4)
  5 leopard geckos
  6 orcs
  2 ball pythons
  5 giant cockroaches
  6 goblins
  4 hobgoblins
  10 jackals
  19 kobolds
  2 quokkas
  5 bats
  3 frilled lizards
  A leopard gecko skeleton (D:4)
  A rat (D:1)
  A spectral orc (D:6)
145 creatures vanquished.

Vanquished Creatures (collateral kills)
  Menkaure (D:4)
  Duvessa (D:4)
  Dowan (D:4)
3 creatures vanquished.

Vanquished Creatures (others)
  A phantom (D:5)
  A jackal (D:1)
2 creatures vanquished.

Grand Total: 150 creatures vanquished

Notes
Turn   | Place    | Note
-------+----------+-------------------------------------------
     0 | D:1      | Implojin the Mummy Chaos Knight began the quest for the Orb.
     0 | D:1      | Reached XP level 1. HP: 18/18 MP: 1/1
   195 | D:1      | Reached XP level 2. HP: 9/24 MP: 2/2
   407 | D:1      | Reached skill level 3 in Maces & Flails
   411 | D:1      | Found a sparkling altar of Nemelex Xobeh.
   648 | D:1      | XOM is BORED!
   648 | D:1      | XOM: harmless Fire miscast
   707 | D:1      | XOM: mild Divn miscast
   708 | D:1      | XOM: harmless Tloc miscast
   964 | D:2      | XOM: stat loss: -1 Int (10/11)
  1111 | D:2      | Reached XP level 3. HP: 27/29 MP: 3/3
  1377 | D:2      | Noticed Ijyb
  1386 | D:2      | Killed Ijyb
  1458 | D:2      | XOM: summons 1 hostile demon
  1964 | D:3      | Reached skill level 4 in Maces & Flails
  2156 | D:3      | Reached XP level 4. HP: 34/35 MP: 4/4
  2489 | D:3      | Found an ancient bone altar of Kikubaaqudgha.
  2492 | D:3      | Found an iron altar of Okawaru.
  2495 | D:3      | Found a snail-covered altar of Cheibriados.
  2529 | D:3      | XOM: stat loss: -1 Str (14/15)
  2539 | D:3      | XOM: smoke on damage
  2633 | D:4      | Noticed Duvessa
  2634 | D:4      | Noticed Dowan
  2636 | D:4      | XOM: summons friendly iron imp
  2642 | D:4      | Killed Dowan
  2645 | D:4      | Killed Duvessa
  2645 | D:4      | Reached XP level 5. HP: 26/41 MP: 5/5
  2771 | D:4      | XOM: harmless Tloc miscast
  2795 | D:4      | Reached skill level 5 in Maces & Flails
  2997 | D:4      | Noticed a centaur
  2998 | D:4      | XOM: butterfly on damage
  3000 | D:4      | Killed a centaur
  3166 | D:4      | Reached XP level 6. HP: 31/47 MP: 6/6
  3284 | D:4      | XOM: noise
  3373 | D:4      | Found a runed door.
  3561 | D:4      | Noticed Menkaure
  3561 | D:4      | XOM: divination: magic mapping
  3569 | D:4      | XOM: cleaving
  3579 | D:4      | HP: 1/47 [Menkaure (20)]
  4145 | D:4      | XOM: summons 4 friendly demons
  4153 | D:4      | Killed Menkaure
  4153 | D:4      | Reached skill level 6 in Maces & Flails
  4353 | D:4      | Noticed Crazy Yiuf
  4358 | D:4      | Killed Crazy Yiuf
  4453 | D:5      | Entered Level 5 of the Dungeon
  4453 | D:5      | Noticed Blork the orc
  4468 | D:5      | Killed Blork the orc
  4562 | D:5      | Noticed an ice beast
  4575 | D:5      | Killed an ice beast
  4575 | D:5      | Reached skill level 7 in Maces & Flails
  4575 | D:5      | Reached XP level 7. HP: 41/52 MP: 7/7
  4592 | D:5      | XOM: medium Ice miscast
  4734 | D:5      | XOM: mild Fire miscast
  4838 | D:5      | Noticed Eustachio
  4858 | D:5      | XOM: potion effect (agility)
  4881 | D:5      | XOM: smoke on damage
  4884 | D:5      | Killed Eustachio
  4884 | D:5      | Reached skill level 4 in Fighting
  5037 | D:5      | XOM: enchant monster (bad)
  5047 | D:5      | Reached skill level 5 in Fighting
  5058 | D:5      | XOM: divine lightning (protected)
  5079 | D:5      | XOM: 3-stop teleportation journey
  5324 | D:5      | Noticed Edmund
  5324 | D:5      | XOM: noise
  5331 | D:5      | Reached XP level 8. HP: 64/64 MP: 8/8
  5360 | D:5      | Noticed Prince Ribbit
  5365 | D:5      | XOM: potion effect (agility)
  5370 | D:5      | Reached skill level 6 in Fighting
  5372 | D:5      | XOM: confuse monster(s)
  5600 | D:5      | XOM: enchant monster (bad)
  5608 | D:5      | XOM: 3-stop teleportation journey
  5819 | D:5      | XOM: 2-stop teleportation journey
  5834 | D:5      | Reached skill level 7 in Fighting
  5859 | D:5      | XOM: divination: detect creatures
  5864 | D:5      | XOM: scenery: create altars
  5873 | D:5      | Killed Prince Ribbit
  6172 | D:5      | Reached skill level 8 in Maces & Flails
  6276 | D:5      | XOM: god gift: fan of gales
  6584 | D:5      | XOM: god gift: 3 scrolls labeled SIUX JELULUNT {god gift}
  6719 | D:6      | Noticed Grinder
  6726 | D:6      | Paralysed by Grinder for 7 turns
  6731 | D:6      | XOM: confuse monster(s)
  6738 | D:6      | Killed Grinder
  6740 | D:6      | Found a shadowy altar of Dithmenos.
  6832 | D:6      | Reached XP level 9. HP: 35/72 MP: 9/9
  6840 | D:6      | XOM: confusion
  6870 | D:6      | a bezotted ogre gained the power of zot.
  6873 | D:5      | XOM: mild Erth miscast
  7071 | D:6      | Got a crude spear
  7091 | D:6      | Found a burning altar of Makhleb.
  7091 | D:6      | Found a glowing golden altar of the Shining One.
  7098 | D:6      | XOM: summons 2 friendly demons
  7105 | D:6      | Reached skill level 9 in Maces & Flails
  7199 | D:6      | XOM: harmless Chrm miscast
  7246 | D:6      | Found a staircase to the Ecumenical Temple.
  7280 | D:6      | Got a crude plate armour
  7291 | D:6      | Identified the +0 plate armour "Apece" {*Corrode rElec rC++ Stlth+} (You found it on level 6 of the Dungeon)
  7647 | D:6      | XOM: god gift: scroll labeled QIM WELOSKAWK {god gift}
  7772 | D:6      | Found a basalt altar of Yredelemnul.
  7801 | D:6      | XOM: scenery: create altars
  8006 | D:7      | XOM: 1-stop teleportation journey
  8043 | D:7      | Reached skill level 8 in Fighting
  8047 | D:7      | XOM: 1-stop teleportation journey
  8295 | D:7      | XOM: fog
  8494 | D:7      | XOM: 2-stop teleportation journey
  8511 | D:7      | XOM: enchant monster (good)
  8533 | D:7      | Reached skill level 9 in Fighting
  8547 | D:7      | XOM: cleaving
  8875 | D:7      | XOM: mild Conj miscast
  9047 | D:7      | Noticed a two-headed ogre
  9048 | D:7      | XOM: summons friendly ufetubus
  9052 | D:7      | XOM: god gift: 10 royal jellies
  9057 | D:7      | Killed a two-headed ogre
  9057 | D:7      | Reached skill level 10 in Maces & Flails
  9057 | D:7      | Reached XP level 10. HP: 31/83 MP: 10/10
  9084 | D:7      | XOM: god gift: tapered iron wand {god gift}
  9495 | D:8      | Noticed Joseph
  9496 | D:8      | XOM: god gift: phial of floods
  9549 | D:8      | Noticed HAWKINGL3623's ghost (novice HOFi)
  9578 | D:8      | XOM: enchant monster (good)
  9587 | D:8      | XOM: potion effect (agility)
  9588 | D:8      | XOM: god gift: 23 bolts
  9612 | D:8      | XOM: divination: detect creatures
 10030 | D:8      | XOM is BORED!
 10030 | D:8      | XOM: stat loss: -1 Str (15/16)
 10070 | D:8      | Noticed Erica
 10090 | D:8      | XOM: blink monster(s)
 10112 | D:8      | XOM: scenery: create altars
 10119 | D:8      | Killed Erica
 10183 | D:8      | XOM: divination: detect items
 10362 | D:8      | XOM: divination: detect creatures
 10367 | D:8      | XOM: enchant monster (good)
 10795 | D:8      | XOM: smoke on damage
 10942 | D:8      | Noticed Pikel
 10967 | D:8      | Mangled by Pikel

Vault maps used:
D:1:      evilmike_arrival_rings, minmay_misc_feat_cross, minivault_25,
          nemelex_diamond_rough_becter
D:2:      serial_forest, infiniplex_forest_straight_3,
          infiniplex_forest_zigzag_1, infiniplex_forest_lined_2,
          infiniplex_forest_clump_double, infiniplex_forest_clump_cross,
          infiniplex_forest_clump_medium, infiniplex_forest_clump_small,
          infiniplex_forest_lined_4_way, uniq_iyjb
D:3:      grunt_temple_overflow_diamond, minmay_misc_feat_tiny
D:4:      uniq_crazy_yiuf_cottage, uniq_menkaure, uniq_duvessa
D:5:      first_bread, uniq_blork_the_orc, uniq_edmund, uniq_prince_ribbit1,
          uniq_eustachio
D:6:      grunt_temple_overflow_open, yredelemnul_forgotten_temple_becter,
          grunt_dithmenos_smoke_and_mirrors, uniq_grinder
D:7:      corexii_shantytown, grunt_livestock
D:8:      serial_bayou_lake_a, uniq_joseph, uniq_erica, uniq_pikel

Skill      XL: |  1  2  3  4  5  6  7  8  9 |
---------------+----------------------------+-----
Maces & Flails | 3 4 5 7 8 10 | 10.9
Fighting       | 5 7 9 |  9.2
Armour         | |  1.5
Dodging        | |  0.7

Action                   |  1- 3 |  4- 6 |  7- 9 | 10-12 || total
-------------------------+-------+-------+-------+-------++-------
Melee: Mace              |    78 |    13 |       |       ||    91
       Flail             |       |    31 |       |       ||    31
       Morningstar       |       |    37 |   376 |    91 ||   504
       Dagger            |       |       |     8 |       ||     8
 Fire: Blowgun           |       |       |    11 |       ||    11
Throw: Tomahawk          |     1 |       |     9 |       ||    10
Evoke: Wand              |       |       |     5 |     3 ||     8
       Fan of gales      |       |       |       |     1 ||     1
  Use: Scroll            |     4 |     5 |     3 |     3 ||    15
 Stab: Confused          |       |       |     1 |       ||     1
Armor: Leather armour    |    23 |    23 |   115 |    36 ||   197
Dodge: Dodged            |    46 |    29 |   250 |    36 ||   361

Table legend:
 A = Turns spent in this place as a percentage of turns spent in the entire game.
 B = Non-inter-level travel turns spent in this place as a percentage of non-inter-level travel turns spent in the entire game.
 C = Inter-level travel turns spent in this place as a percentage of turns spent in this place.
 D = Turns resting spent in this place as a percentage of non-inter-level travel turns spent in this place.
 E = Turns spent auto-exploring this place as a percentage of non-inter-level travel turns spent in this place.
 F = Non-inter-level travel turns spent in this place divided by the number of levels of this place that you've seen.
                   A       B       C       D       E      F
               +-------+-------+-------+-------+-------+----------------------
         Total | 100.0 | 100.0 |   0.5 |   4.4 |   8.4 | 329.1
       Dungeon | 100.0 | 100.0 |   0.5 |   4.4 |   8.4 | 329.1
               +-------+-------+-------+-------+-------+----------------------

Table legend:
 A = Kills in this place as a percentage of kills in entire the game.
 B = Kills by you in this place as a percentage of kills by you in the entire game.
 C = Kills by friends in this place as a percentage of kills by friends in the entire game.
 D = Other kills in this place as a percentage of other kills in the entire game.
 E = Experience gained in this place as a percentage of experience gained in the entire game.
 F = Experience gained in this place divided by the number of levels of this place that you have seen.
                   A       B       C       D       E      F
               +-------+-------+-------+-------+-------+----------------------
         Total | 100.0 | 100.0 | 100.0 | 100.0 | 100.0 | 918.0
       Dungeon | 100.0 | 100.0 | 100.0 | 100.0 | 100.0 | 918.0
               +-------+-------+-------+-------+-------+----------------------
